 Dungeon Crawl Stone Soup version 0.23.1 (webtiles) character file.

Game seed: 0

186732 esteth the Earth Mage (level 18, -22/96 HPs)
             Began as a Gargoyle Earth Elementalist on Mar 4, 2019.
             Was the Champion of Vehumet.
             Killed from afar by a merfolk aquamancer (44 damage)
             ... with a shard of ice
             ... on level 4 of the Shoals on Mar 5, 2019.
             The game lasted 02:51:38 (45013 turns).

esteth the Earth Mage (GrEE)                       Turns: 45013, Time: 02:51:39

Health: -22/96     AC: 31    Str: 13    XL:     18   Next: 48%
Magic:  34/39      EV: 17    Int: 23    God:    Vehumet [******]
Gold:   2459       SH:  8    Dex: 10    Spells: 20/51 levels left

rFire    . . .     SeeInvis +   H - +9 staff of Wucad Mu {channel}
rCold    . . .     Gourm    .   q - +3 buckler
rNeg     + + .     Faith    .   z - +5 ring mail "Feaplet" {MR+ Stlth+}
rPois    ∞         Spirit   .   k - +0 helmet
rElec    +         Reflect  .   M - +0 cloak
rCorr    .         Harm     .   K - +2 pair of gloves
MR       +++++     Clarity  +   b - +1 pair of boots {Fly}
Stlth    +.........             X - amulet of the Four Winds {rN+ MR+++ Clar}
HPRegen  0.26/turn              S - ring of see invisible
MPRegen  0.26/turn              C - +6 ring of evasion

@: very slow
A: big wings, negative energy resistance 1, electricity resistance, unbreathing,
petrification resistance, rot immunity, AC +13
a: Fly, Renounce Religion, Evoke Flight


You were on level 4 of the Shoals.
You worshipped Vehumet.
Vehumet was exalted by your worship.
You were not hungry.

You visited 6 branches of the dungeon, and saw 29 of its levels.

You collected 2459 gold pieces.

Inventory:

Hand Weapons
 e - the +6 mace of Blood {drain, rN+}
   (You took it off a skeletal warrior on level 13 of the Dungeon)

   A truly terrible weapon, it drains the life of those it strikes.
   It protects you from negative energy.
 t - a +3 morningstar of holy wrath
 H - the +9 staff of Wucad Mu (weapon) {channel}
   (You found it on level 9 of the Dungeon)
Missiles
 v - 168 stones (quivered)
Armour
 b - a +1 pair of boots of flying (worn)
 k - a +0 helmet (worn)
 q - a +3 buckler (worn)
 z - the +5 ring mail "Feaplet" (worn) {MR+ Stlth+}
   (You found it on level 8 of the Dungeon)

   It affects your resistance to hostile enchantments.
   It makes you more stealthy.
 K - a +2 pair of gloves (worn)
 M - a +0 cloak (worn)
Magical Staves
 y - an uncursed staff of wizardry
 V - an uncursed staff of air
Jewellery
 j - an uncursed ring of wizardry
 l - an uncursed ring of protection from cold
 u - an uncursed ring of protection from magic
 C - a +6 ring of evasion (right hand)
 L - an uncursed ring of protection from cold
 N - an uncursed ring of protection from fire
 S - a ring of see invisible (left hand)
 X - the amulet of the Four Winds (around neck) {rN+ MR+++ Clar}
   (You found it on level 3 of the Lair of Beasts)

   [amulet of nothing]

   It protects you from negative energy.
   It affects your resistance to hostile enchantments.
   It protects you against confusion.
Wands
 c - a wand of scattershot (7)
 m - a wand of digging (11)
 A - a wand of clouds (9)
 B - a wand of polymorph (13)
 D - a wand of random effects (56)
 U - a wand of enslavement (21)
Scrolls
 f - 9 scrolls of teleportation
 h - 3 scrolls of fear
 r - 2 scrolls of blinking
 s - 2 scrolls of enchant armour
 x - a scroll of vulnerability {unknown}
 E - a scroll of enchant weapon
 F - 3 scrolls of amnesia
 Q - 4 scrolls of holy word
 R - 5 scrolls of remove curse
 T - 10 scrolls of identify
 Y - 3 scrolls of magic mapping
 Z - a scroll of fog
Potions
 a - 4 potions of lignification {unknown}
 g - 8 potions of brilliance
 i - 6 potions of might {unknown}
 n - 12 potions of heal wounds
 o - 14 potions of curing
 p - a potion of ambrosia {unknown}
 G - 2 potions of haste
 J - a potion of mutation {unknown}
 O - 4 potions of invisibility {unknown}
 P - 2 potions of cancellation {unknown}
 W - 4 potions of flight {unknown}
Comestibles
 d - 17 rations
 w - a chunk of flesh


   Skills:
 - Level 5.4 Fighting
 - Level 1.8(4.2) Maces & Flails
 - Level 6.0(6.2) Staves
 - Level 2.0 Armour
 - Level 2.2 Dodging
 - Level 2.1 Stealth
 - Level 5.0 Shields
 - Level 17.3 Spellcasting
 - Level 11.0 Conjurations
   Level 0.7 Transmutations
 + Level 8.2 Fire Magic
 + Level 19.3 Earth Magic
 - Level 11.8 Evocations


You had 20 spell levels left.
You knew the following spells:

 Your Spells              Type           Power        Failure   Level  Hunger
a - Sandblast             Erth           ######       0%          1    None
b - Lee's Rapid Deconstr  Erth           #######...   1%          5    #......
c - Iron Shot             Conj/Erth      ######....   1%          6    ####...
d - Fireball              Conj/Fire      ######....   1%          5    #......
e - Bolt of Magma         Conj/Fire/Erth ######....   1%          5    #......
f - Shatter               Erth           #######...   45%         9    #######

Your spell library contained the following spells:

 Spells                   Type           Power        Failure   Level  Hunger
 Ozocubu's Refrigeration  Ice            ###.......   88%         6    ####...
 Magic Dart               Conj           ####         1%          1    None
 Sting                    Conj/Pois      ####         1%          1    None
 Passwall                 Tmut/Erth      ######..     1%          2    None
 Conjure Flame            Conj/Fire      ######..     1%          3    None
 Mephitic Cloud           Conj/Pois/Air  #####...     1%          3    None
 Static Discharge         Conj/Air       #####...     1%          3    None
 Stone Arrow              Conj/Erth      ######       1%          3    None
 Force Lance              Conj/Tloc      #####...     1%          4    None
 Leda's Liquefaction      Hex/Erth       ######....   1%          4    None
 Petrify                  Tmut/Erth      ######..     1%          4    None
 Beastly Appendage        Tmut           ###...       4%          1    None
 Bolt of Draining         Conj/Necr      #####.....   4%          5    #......
 Iskenderun's Battlesphe  Conj/Chrm      #####...     4%          5    #......
 Lightning Bolt           Conj/Air       #####.....   4%          5    #......
 Venom Bolt               Conj/Pois      #####.....   4%          5    #......
 Confusing Touch          Hex            ###...       6%          1    None
 Infusion                 Chrm           ###.         6%          1    None
 Summon Small Mammal      Summ           ###.         6%          1    None
 Sticks to Snakes         Tmut           ###.....     6%          2    None
 Blink                    Tloc           N/A          9%          2    None
 Call Imp                 Summ           ###.....     9%          2    None
 Corpse Rot               Necr           N/A          9%          2    None
 Poisonous Vapours        Pois/Air       ###...       9%          2    None
 Shroud of Golubria       Chrm/Tloc      ###.......   9%          2    None
 Slow                     Hex            ###.....     9%          2    None
 Song of Slaying          Chrm           ###.....     9%          2    None
 Orb of Destruction       Conj           ######....   13%         7    ######.
 Spider Form              Tmut/Pois      ###.......   14%         3    None
 Olgreb's Toxic Radiance  Pois           ###.....     16%         4    None
 Call Canine Familiar     Summ           ###.....     17%         3    None
 Confuse                  Hex            ###.....     17%         3    None
 Gell's Gravitas          Tloc           ###.......   17%         3    None
 Portal Projectile        Hex/Tloc       ###...       17%         3    None
 Regeneration             Chrm/Necr      ###.......   17%         3    None
 Spectral Weapon          Hex/Chrm       ###.....     17%         3    None
 Summon Guardian Golem    Hex/Summ       ###.....     17%         3    None
 Tukima's Dance           Hex            ###.....     17%         3    None
 Yara's Violent Unravell  Hex/Tmut       ###.......   32%         5    #......
 Freezing Cloud           Conj/Ice/Air   #####.....   41%         6    ####...
 Ice Form                 Ice/Tmut       ###.....     43%         4    None
 Cause Fear               Hex            ###.......   50%         4    None
 Summon Ice Beast         Ice/Summ       ###.....     50%         4    None
 Summon Lightning Spire   Summ/Air       ###.....     50%         4    None
 Spellforged Servitor     Conj/Summ      #####.....   73%         7    ######.
 Blade Hands              Tmut           ###.......   75%         5    #......
 Agony                    Necr           ###.....     85%         5    #......
 Dispel Undead            Necr           ###.....     85%         5    #......
 Excruciating Wounds      Chrm/Necr      ###.......   85%         5    #......
 Metabolic Englaciation   Hex/Ice        ###.......   85%         5    #......
 Silence                  Hex/Air        ###.......   85%         5    #......
 Summon Demon             Summ           ###.......   85%         5    #......
 Summon Mana Viper        Hex/Summ       ###.....     85%         5    #......
 Ignition                 Fire           ######....   95%         8    #######
 Deflect Missiles         Chrm/Air       ###.......   100%        6    ####...
 Dispersal                Tloc           ###.......   100%        6    ####...
 Ring of Flames           Chrm/Fire      #####.....   100%        7    ######.
 Controlled Blink         Tloc           N/A          100%        8    #######
 Discord                  Hex            ###.......   100%        8    #######
 Disjunction              Tloc           ###.......   100%        8    #######
 Tornado                  Air            ###.......   100%        9    #######
 Sublimation of Blood     Necr           Unusable     N/A         2    N/A

Dungeon Overview and Level Annotations

Branches:
Dungeon (14/15)            Temple (1/1) D:6            Lair (6/6) D:9
 Shoals (4/4) Lair:3        Snake (0/4) Lair:3          Orc (2/2) D:12
    Elf (2/3) Orc:2        Vaults (0/5) D:14
  Slime: Lair:5-6

Altars:
Ashenzari
Cheibriados
Dithmenos
Elyvilon
Fedhas
Gozag
Hepliaklqana
Kikubaaqudgha
Makhleb
Nemelex Xobeh
Okawaru
Qazlal
Ru
Sif Muna
Trog
Uskayaw
Vehumet
Wu Jian
Yredelemnul
Zin
The Shining One
Beogh

Shops:
D:5 ?   D:7 [   D:10 *   Orc:2 %=*(   Elf:2 *

Annotations:
D:5 2 transporters, diana's ghost, novice TeGl
D:8 2 transporters, Lanoc's ghost, novice TrCK
D:14 Rupert
Lair:1 exclusion: 4 oklob plants
Lair:6 exclusion: oklob plant
Elf:1 17 runed doors


Innate Abilities, Weirdness & Mutations

You are resistant to torment.
Your stone body is resilient. (AC +13)
You are immune to poison.
Your large and strong wings let you fly indefinitely.
You resist negative energy. (rN+)
You are resistant to electric shocks. (rElec)
You can survive without breathing.
You are immune to petrification.
You are immune to rotting.


Message History

The merfolk aquamancer shouts!
The merfolk impaler hits you but does no damage.
The merfolk impaler barely misses you. You block the merfolk impaler's attack.
The merfolk aquamancer points at you and mumbles some strange words.
The torrent of water hits you.
You are knocked back by the torrent of water.
Splash!
The wave splashes down.
The merfolk impaler closely misses you. You block the merfolk impaler's attack.
The merfolk aquamancer points at you and mumbles some strange words.
The torrent of water hits you!
* * * LOW HITPOINT WARNING * * *
You are knocked back by the torrent of water.
Splash!
The wave splashes down.
You hear a shout! x2; You hear an angry hiss.
You hear a shout! x2
The merfolk impaler barely misses you.
The merfolk aquamancer gestures at you while chanting.
The shard of ice hits you!!!
You die...

≈≈≈≈≈≈≈≈...≈## ###≈≈≈≈≈≈≈≈≈..
≈≈≈≈≈≈≈≈...≈≈### #≈≈......####≈
≈≈≈≈≈......≈≈≈≈#####≈......#####≈
≈≈≈≈≈.....≈≈≈≈≈≈≈≈≈≈..).......#≈#
≈≈≈[≈....≈≈≈≈≈≈≈≈≈≈≈....##...≈≈≈≈
.<≈≈≈.?≈≈≈≈≈≈≈≈≈≈≈≈≈.....#≈.#≈#≈#
..≈≈≈≈≈≈≈≈≈≈≈≈≈≈≈≈≈≈.....##≈≈)≈≈≈
..≈≈≈≈≈≈)≈≈≈≈≈≈≈≈≈≈≈....##.[#.#≈#
..≈≈≈≈≈≈≈≈≈≈≈≈m≈@)≈≈≈...≈#[)≈≈≈≈≈
.≈≈c≈≈≈≈≈≈≈≈≈≈m≈≈≈≈≈≈)....#≈##≈≈#
.≈≈≈.≈≈≈≈≈≈.≈≈≈≈≈≈≈<≈)≈(≈≈≈#####≈
≈≈≈≈≈≈≈≈m≈≈≈≈≈≈≈≈≈≈≈≈≈≈#≈≈#≈
≈≈≈≈≈≈≈≈≈≈≈≈≈≈≈≈≈≈≈≈≈≈≈≈≈≈≈≈
≈≈≈≈≈≈≈≈≈..≈≈≈≈≈≈≈≈≈≈≈≈≈≈≈≈≈≈≈≈≈≈
≈≈.≈≈≈≈≈≈≈.)≈≈≈≈≈≈≈≈≈≈≈≈≈≈≈≈≈≈≈≈≈
≈≈.≈≈≈≈≈≈≈≈≈≈≈≈≈≈≈≈≈≈≈≈≈≈≈≈≈≈≈≈≈≈
≈≈≈≈≈≈≈≈≈≈≈≈≈≈≈≈≈≈≈≈≈≈≈≈≈≈≈≈≈≈≈≈≈


You could see 2 merfolk impalers and a merfolk aquamancer.

Vanquished Creatures
  Nikola (Shoals:2)
  A kraken (Shoals:3)
  Polyphemus (Shoals:2)
  Ilsuiw (Shoals:4)
  An orc warlord (D:12)
  Aizul (Shoals:2)
  2 deep elf demonologists
  6 merfolk javelineers
  7 merfolk impalers
  2 ettins
  2 deep elf death magi
  Erolcha (Orc:1)
  4 vault guards (D:14)
  5 catoblepae
  7 hydras
  8 merfolk avatars
  An alligator snapping turtle (Shoals:2)
  3 merfolk aquamancers
  2 centaur warriors (D:14)
  Erica (Orc:1)
  9 death yaks
  2 satyrs (Shoals:4)
  26 dancing weapons
  8 orc high priests
  Nergalle (Orc:1)
  16 deep elf knights
  5 skeletal warriors
  2 unseen horrors
  A glowing orange brain (shapeshifter) (D:13)
  4 sea snakes
  6 deep elf archers
  12 harpies
  2 orc sorcerers (Orc:2)
  Pikel (D:8)
  2 wolf spider zombies
  13 manticores
  2 cyclopes
  3 ugly things
  53 deep elf magi
  8 fauns
  13 merfolk sirens
  Joseph (D:9)
  5 slime creatures
  A centaur zombie (D:14)
  Maurice (Orc:1)
  7 black mambas
  6 water nymphs
  3 torpor snails (Lair:6)
  A torpor snail (shapeshifter) (Elf:1)
  A gargoyle (D:13)
  3 centaur skeletons
  2 kobold demonologists (D:13)
  16 spiny frogs
  3 komodo dragons
  29 merfolk
  8 wind drakes
  A troll (Orc:1)
  A polar bear (Lair:6)
  17 blink frogs
  10 dream sheep
  9 hippogriffs
  11 snapping turtles
  10 water elementals
  3 vampires
  2 wraiths
  2 wyverns
  An air elemental (Elf:1)
  A fire elemental (Elf:1)
  5 humans (D:14)
  2 basilisks
  3 fire bats (Lair:4)
  Grum (D:8)
  66 yaks
  3 hungry ghosts
  2 vampire mosquitoes (D:12)
  5 wargs
  17 water moccasins
  7 porcupines
  9 ice beasts
  15 orc warriors
  4 sky beasts
  4 phantoms
  2 black bears
  6 wolves
  16 ogres
  10 crocodiles
  8 centaurs
  5 big kobolds
  4 earth elementals
  18 bullfrogs
  2 scorpions
  A water moccasin zombie (D:8)
  3 killer bees (D:10)
  4 wights (D:9)
  5 howler monkeys
  A lava snake (Elf:2)
  6 crimson imps
  A quasit (D:11)
  40 orc priests
  6 hounds
  2 jellies
  A bullfrog skeleton (D:7)
  3 iguanas
  Ijyb (D:4)
  8 worker ants
  Natasha (D:2)
  18 orc wizards
  2 killer bee zombies
  A hound zombie (D:6)
  3 hound skeletons
  Robin (D:1)
  3 gnolls (D:7)
  16 adders
  A river rat (D:4)
  6 shadow imps
  2 adder zombies
  5 worms
  2 dart slugs
  4 leopard geckos
  105 orcs
  3 ball pythons
  3 giant cockroaches
  24 goblins
  11 hobgoblins
  13 jackals
  3 quokkas
  A ball python zombie (D:2)
  5 bats
  6 frilled lizards
  22 kobolds
  7 rats
  2 plants
967 creatures vanquished.

Vanquished Creatures (others)
  A vault guard (D:14)
  A human (D:2)
  A jelly (D:8)
  A worker ant (D:8)
  An orc wizard (D:14)
  7 fungi
  17 plants
  6 tentacles (Shoals:3)
35 creatures vanquished.

Grand Total: 1002 creatures vanquished

Notes
Turn   | Place    | Note
-------+----------+-------------------------------------------
     0 | D:1      | esteth the Gargoyle Earth Elementalist began the quest for
                  | the Orb.
     0 | D:1      | Reached XP level 1. HP: 10/10 MP: 3/3
   107 | D:1      | Reached XP level 2. HP: 10/15 MP: 1/5
   110 | D:1      | Reached skill level 4 in Earth Magic
  1242 | D:1      | Reached XP level 3. HP: 6/19 MP: 3/6
  1502 | D:2      | Found a hazy altar of Hepliaklqana.
  1504 | D:2      | Noticed Robin
  1541 | D:1      | Killed Robin
  2026 | D:2      | Reached XP level 4. HP: 23/24 MP: 6/8
  2076 | D:2      | Reached skill level 5 in Earth Magic
  2215 | D:2      | Found an ancient bone altar of Kikubaaqudgha.
  2218 | D:2      | Noticed a human
  2220 | D:2      | Killed a human
  2352 | D:2      | Noticed Natasha
  2365 | D:2      | Killed Natasha
  2674 | D:2      | Reached XP level 5. HP: 28/28 MP: 10/10
  2690 | D:2      | Found a glowing golden altar of the Shining One.
  2692 | D:2      | Found an ornate altar of the Wu Jian Council.
  2904 | D:3      | Found a sparkling altar of Nemelex Xobeh.
  3307 | D:3      | Found a blossoming altar of Fedhas.
  3723 | D:4      | Reached skill level 6 in Earth Magic
  3773 | D:4      | Reached XP level 6. HP: 27/32 MP: 12/12
  3786 | D:4      | Noticed Ijyb
  3809 | D:4      | Killed Ijyb
  4469 | D:5      | Entered Level 5 of the Dungeon
  4483 | D:5      | Noticed a hornet
  4593 | D:5      | Noticed diana's ghost (novice TeGl)
  4612 | D:5      | Found a transporter.
  4668 | D:5      | Reached XP level 7. HP: 36/36 MP: 14/14
  4675 | D:5      | Learned a level 5 spell: Lee's Rapid Deconstruction
  4693 | D:5      | Reached skill level 7 in Earth Magic
  4765 | D:5      | Found a transporter.
  4816 | D:5      | Found Fopre's Magic Scroll Emporium.
  4964 | D:5      | Reached skill level 5 in Spellcasting
  5517 | D:6      | Reached skill level 8 in Earth Magic
  5559 | D:5      | Reached XP level 8. HP: 12/41 MP: 4/17
  5933 | D:6      | Found a deep blue altar of Sif Muna.
  5976 | D:6      | Reached skill level 9 in Earth Magic
  6143 | D:6      | Found a staircase to the Ecumenical Temple.
  6152 | Temple   | Entered the Ecumenical Temple
  6174 | Temple   | Became a worshipper of Vehumet
  6882 | D:7      | Reached skill level 10 in Earth Magic
  6882 | D:7      | Reached XP level 9. HP: 43/45 MP: 18/20
  7283 | D:7      | Found Arghi's Antique Armour Emporium.
  7568 | D:8      | Noticed Grum
  7671 | D:8      | Killed Grum
  7671 | D:8      | Reached * piety under Vehumet
  7671 | D:8      | Offered knowledge of Magic Dart by Vehumet.
  7671 | D:8      | Reached skill level 11 in Earth Magic
  7768 | D:8      | Noticed Lanoc's ghost (novice TrCK)
  7769 | D:8      | Found a transporter.
  7905 | D:8      | Noticed Pikel
  7934 | D:8      | Killed Pikel
  7934 | D:8      | Reached skill level 12 in Earth Magic
  7934 | D:8      | Reached XP level 10. HP: 45/50 MP: 18/23
  8131 | D:8      | Found a transporter.
  8190 | D:8      | Got a bloodstained ring mail
  8209 | D:8      | Identified the +5 ring mail "Feaplet" {MR+ Stlth+} (You
                  | found it on level 8 of the Dungeon)
  8780 | D:9      | HP: 1/50 [large slime creature (34)]
  8798 | D:9      | Reached skill level 10 in Spellcasting
  8898 | D:9      | Noticed Joseph
  8906 | D:9      | Killed Joseph
  8906 | D:9      | Reached skill level 1 in Fighting
  8906 | D:9      | Reached skill level 1 in Armour
  8906 | D:9      | Reached skill level 1 in Shields
  8937 | D:9      | Found a staircase to the Lair.
  8978 | D:9      | Reached skill level 1 in Maces & Flails
  8978 | D:9      | Reached skill level 13 in Earth Magic
  8978 | D:9      | Reached skill level 1 in Evocations
  9022 | D:9      | Learned a level 6 spell: Iron Shot
  9051 | D:9      | Found the +9 staff of Wucad Mu {channel}
  9105 | D:9      | Reached XP level 11. HP: 57/57 MP: 22/25
  9108 | D:9      | Reached ** piety under Vehumet
  9116 | D:9      | Offered knowledge of Freeze by Vehumet.
  9118 | D:9      | Found an iron altar of Okawaru.
  9201 | D:9      | Reached skill level 1 in Conjurations
  9460 | D:9      | Reached skill level 1 in Staves
  9504 | D:9      | Noticed a three-headed hydra
  9508 | D:9      | Killed a three-headed hydra
  9575 | D:10     | Entered Level 10 of the Dungeon
 10197 | D:10     | Offered knowledge of Static Discharge by Vehumet.
 10219 | D:10     | Found a basalt altar of Yredelemnul.
 10221 | D:10     | Found Pucaod's Sacrilege Store.
 10966 | D:11     | Killed an unseen horror
 11051 | D:11     | Reached *** piety under Vehumet
 11396 | D:12     | Reached XP level 12. HP: 64/64 MP: 19/26
 11470 | D:12     | Offered knowledge of Force Lance by Vehumet.
 11578 | D:12     | Reached skill level 5 in Shields
 11782 | D:12     | Found a staircase to the Orcish Mines.
 11992 | D:12     | Reached skill level 5 in Conjurations
 12009 | D:12     | Reached **** piety under Vehumet
 12324 | D:13     | Reached skill level 5 in Staves
 12324 | D:13     | Reached skill level 5 in Evocations
 12333 | D:13     | Offered knowledge of Dazzling Spray by Vehumet.
 12488 | D:13     | Identified the +6 mace of Blood {drain, rN+}
 12782 | D:13     | Noticed a two-headed ogre
 12788 | D:13     | a two-headed ogre changed into a floating eye
 13923 | Lair:1   | Entered Level 1 of the Lair of Beasts
 13960 | Lair:1   | Reached XP level 13. HP: 69/69 MP: 28/28
 14079 | Lair:1   | Found the +5 robe of Night {Dark MR+ SInv}
 14508 | Lair:1   | Reached ***** piety under Vehumet
 14534 | Lair:1   | Got a distressingly furry scale mail
 14561 | Lair:1   | Identified the +4 scale mail of Filth {-Cast rN++ Int+6}
                  | (You found it on level 1 of the Lair of Beasts)
 15022 | Lair:2   | Offered knowledge of Fireball by Vehumet.
 15039 | Lair:2   | Learned a level 5 spell: Fireball
 15716 | Lair:2   | Reached skill level 1 in Fire Magic
 15836 | Lair:3   | Found a staircase to the Snake Pit.
 16214 | Lair:3   | Found the amulet of the Four Winds {rN+ MR+++ Clar}
 16228 | Lair:3   | Found a staircase to the Shoals.
 16375 | Lair:3   | Reached skill level 5 in Fire Magic
 17132 | Lair:4   | Offered knowledge of Fulminant Prism by Vehumet.
 17536 | Lair:4   | Found a dark tunnel.
 17962 | Lair:4   | Gained mutation: Your large and strong wings let you fly
                  | indefinitely. [Gargoyle growth]
 17962 | Lair:4   | Reached XP level 14. HP: 54/76 MP: 31/31
 18299 | Lair:4   | Reached skill level 5 in Fighting
 19213 | Lair:6   | Entered Level 6 of the Lair of Beasts
 19350 | Lair:6   | Found a gate leading to a gauntlet.
 19611 | Lair:6   | Found a stormy altar of Qazlal.
 19646 | Lair:6   | Reached skill level 14 in Earth Magic
 21112 | Lair:6   | Offered knowledge of Conjure Ball Lightning by Vehumet.
 21780 | Lair:6   | Identified the Compendium of Bewitchment
 22042 | Orc:1    | Entered Level 1 of the Orcish Mines
 22042 | Orc:1    | Noticed an orc warlord
 22146 | D:12     | Killed an orc warlord
 22407 | Orc:1    | Noticed Maurice
 22412 | Orc:1    | Killed Maurice
 22412 | Orc:1    | Reached skill level 15 in Earth Magic
 22412 | Orc:1    | Reached XP level 15. HP: 53/82 MP: 9/33
 22610 | Orc:1    | Noticed Nergalle
 22615 | Orc:1    | Killed Nergalle
 23020 | Orc:1    | Noticed Erica
 23050 | Orc:1    | Killed Erica
 23176 | Orc:1    | Noticed Erolcha
 23179 | Orc:1    | Killed Erolcha
 23825 | Orc:2    | Entered Level 2 of the Orcish Mines
 24660 | Orc:2    | Found a staircase to the Elven Halls.
 24737 | Orc:2    | Found Ustrez's Assorted Antiques.
 24737 | Orc:2    | Found Anerun's Weapon Shoppe.
 24853 | Orc:2    | Found a roughly hewn altar of Beogh.
 24994 | Orc:2    | Found Bis Buz's Food Shop.
 24994 | Orc:2    | Found Itai's Jewellery Shoppe.
 25631 | D:14     | Offered knowledge of Freezing Cloud by Vehumet.
 25633 | D:14     | Reached skill level 10 in Evocations
 25807 | D:14     | Noticed Rupert
 25813 | D:14     | HP: 3/82 [Rupert/+3 great mace of protection (36)]
 25861 | D:14     | HP: 2/82 [human/+0 glaive (12)]
 26280 | D:14     | Found a gate to the Vaults.
 26335 | D:14     | Reached skill level 16 in Earth Magic
 26723 | D:13     | Learned a level 5 spell: Bolt of Magma
 26917 | Elf:1    | Entered Level 1 of the Elven Halls
 27911 | Elf:1    | Reached skill level 15 in Spellcasting
 28406 | Elf:1    | Reached XP level 16. HP: 78/88 MP: 16/35
 28414 | Elf:1    | Noticed a Hell Sentinel
 30388 | Elf:1    | Identified Geyriof's Disquisition on Creation
 30556 | Elf:1    | Reached skill level 10 in Conjurations
 30998 | Elf:1    | Found a huge runed gate.
 30999 | Elf:1    | Found a huge runed gate.
 31005 | Elf:1    | Found a huge runed gate.
 31005 | Elf:1    | Found a huge runed gate.
 31006 | Elf:1    | Found a huge runed gate.
 31033 | Elf:1    | Found a huge runed gate.
 31033 | Elf:1    | Found a huge runed gate.
 31034 | Elf:1    | Found a huge runed gate.
 31035 | Elf:1    | Found a huge runed gate.
 31036 | Elf:1    | Found a huge runed gate.
 31493 | Elf:1    | Found a huge runed gate.
 31493 | Elf:1    | Found a huge runed gate.
 31497 | Elf:1    | Found a huge runed gate.
 31501 | Elf:1    | Found a huge runed gate.
 31501 | Elf:1    | Found a huge runed gate.
 31501 | Elf:1    | Found a huge runed gate.
 31501 | Elf:1    | Found a huge runed gate.
 33445 | Elf:2    | Learned a level 9 spell: Shatter
 33456 | Elf:2    | Found a runed translucent gate.
 33459 | Elf:2    | Found a runed translucent gate.
 33461 | Elf:2    | Found a runed translucent gate.
 33491 | Elf:2    | Found Giefif's Elven Fire.
 34242 | Elf:2    | Reached ****** piety under Vehumet
 34500 | Elf:2    | Reached XP level 17. HP: 92/92 MP: 4/37
 34879 | Elf:2    | Offered knowledge of Poison Arrow by Vehumet.
 35710 | Shoals:1 | Entered Level 1 of the Shoals
 36300 | Shoals:1 | Reached skill level 17 in Earth Magic
 36831 | Shoals:2 | Noticed Nikola
 37631 | Shoals:2 | Identified a scroll of acquirement
 38402 | Shoals:2 | Noticed Aizul
 38410 | Shoals:2 | Killed Aizul
 38573 | Shoals:2 | Killed Nikola
 38906 | Shoals:2 | Noticed Polyphemus
 38920 | Shoals:2 | Killed Polyphemus
 39308 | Shoals:2 | Reached skill level 18 in Earth Magic
 40104 | Shoals:3 | Noticed a kraken
 40122 | Shoals:3 | Killed a kraken
 40423 | Shoals:3 | Offered knowledge of Bolt of Fire by Vehumet.
 41174 | Shoals:3 | Reached XP level 18. HP: 69/96 MP: 23/39
 42027 | Shoals:4 | Entered Level 4 of the Shoals
 42031 | Shoals:4 | Noticed Ilsuiw
 42768 | Shoals:4 | Killed Ilsuiw
 43560 | Shoals:4 | Reached skill level 19 in Earth Magic
 44761 | Shoals:4 | Offered knowledge of Ozocubu's Refrigeration by Vehumet.
 45013 | Shoals:4 | Killed from afar by a merfolk aquamancer

Skill      XL: |  1  2  3  4  5  6  7  8  9 10 11 12 13 14 15 16 17 18 |
---------------+-------------------------------------------------------+-----
Earth Magic    | 4 5 6 8 10 12 13 15 16 18 19 | 19.3
Spellcasting   | 3 4 6 7 9 10 11 13 14 15 16 17 | 17.3
Fighting       | 2 3 4 5 |  5.4
Armour         | 2 |  2.0
Shields        | 2 4 5 |  5.0
Maces & Flails | 1 |  1.8
Evocations     | 1 4 6 7 9 10 11 | 11.8
Dodging        | 2 |  2.2
Conjurations   | 4 7 8 9 11 | 11.0
Staves         | 3 6 |  6.0
Fire Magic     | 5 8 |  8.2
Stealth        | |  2.1
Transmutations | |  0.7

Action                   |  1- 3 |  4- 6 |  7- 9 | 10-12 | 13-15 | 16-18 || total
-------------------------+-------+-------+-------+-------+-------+-------++-------
Melee: Short sword       |    81 |   226 |       |       |       |       ||   307
       Dagger            |       |    44 |   545 |   130 |       |       ||   719
       Staff             |       |       |    28 |   428 |   976 |   371 ||  1803
 Cast: Sandblast         |    21 |    30 |    79 |   143 |   387 |    89 ||   749
       Lee's Rapid Decon |       |       |     3 |    67 |    88 |       ||   158
       Iron Shot         |       |       |       |     3 |    55 |   185 ||   243
       Fireball          |       |       |       |       |    23 |   107 ||   130
       Bolt of Magma     |       |       |       |       |    44 |   241 ||   285
 Abil: Stop Flying       |       |       |       |       |       |     5 ||     5
       Fly               |       |       |       |       |       |     3 ||     3
       Evoke Flight      |       |       |       |       |       |     1 ||     1
Evoke: Staff of Wucad Mu |       |       |       |       |     2 |     9 ||    11
       Wand              |       |       |       |       |     1 |     3 ||     4
  Use: Scroll            |     4 |     6 |     3 |    14 |    11 |     4 ||    42
       Potion            |       |       |       |     3 |     2 |     1 ||     6
 Stab: Sleeping          |     1 |     1 |       |     1 |     2 |     1 ||     6
       Distracted        |       |       |       |       |     1 |       ||     1
  Eat: Chunk             |     4 |     8 |    13 |    28 |    30 |    31 ||   114
       Ration            |       |       |       |     2 |    14 |    20 ||    36
Armor: Robe              |    30 |    28 |       |       |       |       ||    58
       Ring mail         |       |   111 |   199 |   330 |   499 |   372 ||  1511
       Scale mail        |       |       |   155 |    13 |       |       ||   168
Dodge: Dodged            |    74 |   171 |   257 |   303 |   841 |   453 ||  2099
Block: Buckler           |       |    45 |   162 |   242 |   495 |   255 ||  1199
